Map: Odyssey LE

Players

dSchneider - Winner!

  • Race: Protoss Protoss
  • League: Platinum
  • Spawn Location: 5:00

Yata

  • Race: Zerg Zerg
  • League: Platinum
  • Spawn Location: 11:00

VOD

Have the link to the VOD?

Description

Time

  • Played on: Oct. 10, 2017, 9:11 p.m.
  • Length: 6:42
Show
View Real Time Build Order
Export as new Build Order

dSchneider Protoss - Winner!

Build Orders:  

Get SALT Encoding   

  12  0:02  Probe (Chrono Boost)  
  13  0:16  Pylon  
  13  0:17  Probe (Chrono Boost)  
  14  0:27  Probe (Chrono Boost)  
  15  0:38  Gateway  
  15  0:44  Assimilator  
  15  0:46  Assimilator  
  16  0:50  Probe (Chrono Boost)  
  16  1:03  Gateway  
  17  1:04  Probe (Chrono Boost)  
  17  1:15  Probe (Chrono Boost)  
  18  1:31  Cybernetics Core  
  18  1:34  Probe (Chrono Boost)  
  19  1:40  Pylon  
  19  1:45  Probe (Chrono Boost)  
  20  1:55  Probe (Chrono Boost)  
  21  2:07  Adept  
  21  2:08  Adept  
  25  2:09  Warp Gate (Chrono Boost)  
  25  2:22  Twilight Council  
  25  2:23  Probe (Chrono Boost)  
  26  2:38  Gateway  
  26  2:39  Sentry  
  28  2:46  Pylon  
  28  2:58  Resonating Glaives (Chrono Boost)  
  28  3:17  Robotics Facility  
  28  3:18  Gateway  
  28  4:04  Warp Prism  
  28  4:07  Pylon  
  30  4:11  Forge  
  30  4:13  Sentry x3  
  30  4:14  Pylon  
  36  4:28  Gateway  
  36  4:33  Pylon  
  36  4:36  Probe  
  37  4:40  Observer  
  38  4:47  Adept  
  38  4:48  Adept x2  
  44  4:55  Zealot  
  46  5:00  Mothership Core  
  48  5:26  Adept x3  
  48  5:27  Adept  
  56  5:41  Pylon, Adept  
  46  6:29  Photon Cannon  
  46  6:30  Photon Cannon  
  44  6:38  Zealot  
  44  6:39  Zealot  
Show
View Real Time Build Order
Export as new Build Order

Yata Zerg 

Build Orders: Hatch First 

Get SALT Encoding   

  12  0:01  Drone  
  13  0:12  Overlord  
  13  0:21  Drone  
  14  0:31  Drone x2  
  14  0:35  Drone  
  17  0:55  Hatchery  
  16  0:58  Drone  
  17  1:04  Drone  
  18  1:13  Extractor  
  17  1:19  Drone, Spawning Pool  
  17  1:21  Drone  
  18  1:28  Drone  
  19  1:39  Overlord  
  19  1:55  Drone  
  19  2:01  Drone  
  21  2:06  Queen  
  21  2:07  Queen  
  25  2:11  Zergling x2  
  25  2:12  Zergling x2  
  25  2:15  Metabolic Boost  
  27  2:17  Drone  
  27  2:22  Drone  
  29  2:30  Evolution Chamber  
  29  2:34  Baneling Nest  
  29  2:35  Drone x2  
  29  2:39  Drone  
  30  2:48  Drone  
  30  2:50  Overlord  
  31  3:05  Zergling x6  
  33  3:19  Drone x3  
  40  3:20  Drone x5  
  40  3:23  Baneling  
  40  3:24  Baneling  
  40  3:39  Zergling x2  
  40  3:40  Zergling x4  
  43  3:45  Zerg Melee Weapons Level 1  
  43  4:00  Zergling x2  
  43  4:05  Baneling x2  
  43  4:20  Extractor  
  43  4:22  Overlord, Extractor  
  43  4:23  Overlord x3  
  41  4:28  Hatchery  
  40  4:46  Queen  
  40  4:47  Lair  
  40  4:49  Drone  
  40  4:50  Extractor, Drone x2  
  40  4:51  Drone x3  
  40  4:52  Drone x2  
  49  4:53  Drone  
  49  4:54  Zergling x2  
  51  5:00  Zergling x2  
  51  5:05  Baneling x2  
  51  5:06  Baneling  
  52  5:11  Baneling  
  52  5:22  Drone x6  
  58  5:31  Pneumatized Carapace  
  58  5:40  Zergling x2  
  58  5:41  Zergling x6  
  62  5:55  Zergling x2  
  62  5:56  Zergling x14  
  66  6:24  Hydralisk Den  
Tags
 
Matchup
PvZ
Replay Pack
Pack 1
Spawn Locations
Cross Positions
Add a new tag
Caveats
  • Supply blocks, unpowered buildings, or Contaminate may cause inaccurate times.
  • Supply counts are checked every 10 seconds.